 Dungeon Crawl Stone Soup version 0.26-a0-712-ga5a9c9c9d0 (webtiles) character file.

Game seed: 8345027242168349321

2279 kae the Transmogrifier (level 9, -2/42 HPs)
             Began as a Tengu Transmuter on Nov 13, 2020.
             Was a Believer of Hepliaklqana.
             Slain by a hellwing (8 damage)
             ... on level 9 of the Dungeon.
             The game lasted 00:08:38 (10228 turns).

kae the Transmogrifier (Tengu Transmuter)          Turns: 10228, Time: 00:08:39

Health: -2/42      AC:  6    Str: 14    XL:     9   Next: 39%
Magic:  11/13      EV: 15    Int: 13    God:    Hepliaklqana [**....]
Gold:   600        SH:  0    Dex: 15    Spells: 3/12 levels left

rFire    . . .     SeeInvis +     - Unarmed
rCold    . . .     Faith    .   (no shield)
rNeg     + + .     Spirit   .   t - +0 robe of Xeonu {*Corrode +Blink rN++ Regen+}
rPois    .         Reflect  .   (helmet currently unavailable)
rElec    .         Harm     .   g - +1 cloak
rCorr    .         Rampage  .   r - +1 pair of gloves
MR       .....                  (boots unavailable)
Stlth    +.........             p - amulet of the acrobat
HPRegen  0.54/turn              u - ring of see invisible
MPRegen  0.13/turn              h - ring of wizardry

@: appendages, flying quickly and evasively, quick
A: reduced essence, beak, horns 2, talons 3, able to fly
a: Stop Flying, End Transformation, Recall Ancestor, Ancestor Identity, Renounce
Religion, Evoke Blink


You were on level 9 of the Dungeon.
You worshipped Hepliaklqana.
Hepliaklqana was pleased with you.
You had grown temporary horns.
You visited 2 branches of the dungeon, and saw 10 of its levels.

You collected 600 gold pieces.

Inventory:

Armour
 g - a +1 cloak (worn)
 r - a +1 pair of gloves (worn)
 t - the +0 robe of Xeonu (worn) {*Corrode +Blink rN++ Regen+}
   (You found it on level 5 of the Dungeon)

   It greatly protects you from negative energy.
   It lets you blink.
   It increases your rate of regeneration.
   It may corrode you when you take damage.
Jewellery
 h - a ring of wizardry (right hand)
 m - an uncursed ring of fire
 p - an amulet of the acrobat (around neck)
 u - a ring of see invisible (left hand)
Wands
 c - a wand of flame (17)
 s - a wand of acid (7)
 v - a wand of paralysis (8)
Scrolls
 a - a scroll of teleportation {unknown}
 d - 3 scrolls of remove curse
 i - 3 scrolls of identify
 l - a scroll of enchant weapon
 o - a scroll of amnesia
 q - a scroll of fog
Potions
 b - 2 potions of heal wounds
 e - 3 potions of might
 f - 2 potions of ambrosia
 j - 3 potions of curing
 k - a potion of resistance
 n - 2 potions of cancellation


   Skills:
 - Level 1.0 Fighting
 - Level 2.1 Dodging
 + Level 8.2 Unarmed Combat
 - Level 2.0 Spellcasting
 * Level 8.4 Transmutations
 - Level 2.0 Poison Magic


You had 3 spell levels left.
You knew the following spells:

 Your Spells              Type           Power        Failure   Level
a - Beastly Appendage     Tmut           ###...       1%          1
b - Spider Form           Tmut/Pois      ##........   3%          3
c - Blade Hands           Tmut           ###.......   9%          5

Your spell library contained the following spells:

 Spells                   Type           Power        Failure   Level
 Wereblood                Tmut           ###.....     1%          2
 Confusing Touch          Hex            #.......     28%         3
 Gell's Gravitas          Tloc           #.........   28%         3
 Ice Form                 Ice/Tmut       ##......     17%         4
 Petrify                  Tmut/Erth      ##......     17%         4
 Yara's Violent Unravell  Hex/Tmut       ##........   43%         5
 Bolt of Magma            Conj/Fire/Erth #.........   93%         5
 Iskenderun's Battlesphe  Conj           #.......     93%         5
 Metabolic Englaciation   Hex/Ice        #.........   93%         5
 Iron Shot                Conj/Erth      #.........   100%        6
 Orb of Destruction       Conj           #.........   100%        7
 Spellforged Servitor     Conj/Summ      #.........   100%        7


Dungeon Overview and Level Annotations

Branches:
Dungeon (9/15)             Temple (1/1) D:6
   Lair: D:8-11         Orc: D:9-12

Altars:
Ashenzari
Cheibriados
Dithmenos
Elyvilon
Fedhas
Gozag
Hepliaklqana
Kikubaaqudgha
Makhleb
Nemelex Xobeh
Okawaru
Qazlal
Ru
Sif Muna
Trog
Uskayaw
Vehumet
Wu Jian
Xom
Yredelemnul
Zin
The Shining One

Shops:
D:8 *   D:9 }

Annotations:
D:7 Menkaure


Innate Abilities, Weirdness & Mutations

You have a beak for a mouth.
You have claws for feet.
You can fly continuously.
Your life essence is reduced to manifest your ancestor. (-10% HP)
You have a pair of horns on your head.


Message History

You peck the centaur warrior zombie.
The centaur warrior zombie is moderately damaged.
The centaur warrior zombie hits you.
You hit the centaur warrior zombie. You peck the centaur warrior zombie.
The centaur warrior zombie is moderately damaged.
The centaur warrior zombie closely misses you.
You punch the centaur warrior zombie! You claw the centaur warrior zombie.
The centaur warrior zombie is heavily damaged.
The centaur warrior zombie misses you.
You closely miss the shadow imp. Your kick misses the shadow imp.
Your peck misses the shadow imp.
The hellwing swoops through the air toward you!
The hellwing completely misses you. The hellwing hits you.
A centaur warrior zombie comes into view.
Casting: Spider Form (dangerous; 3% risk of failure)
Confirm with . or Enter, or press ? or * to list all spells.
You grow a pair of large bovine horns.
The hellwing hits you!
* * * LOW HITPOINT WARNING * * *
The hellwing hits you!
You die...

.......#.....########...# .8P..
.......#.....##...###...#......
.......#................#.....8
.......#####.#####.............
.......#####.# #....Z.....P.P
.......##....### #.............
.......##......# #............#
.......##......###5Z....#####+#
............_...@55##...#
##########.....4#########
...... #......# ...... ###....#
..<... #.#### ...... #.# ......
.. >..... ... ......


You could see a hellwing, 3 shadow imps and 2 centaur warrior zombies.

Vanquished Creatures
  4 sky beasts
  2 ice beasts
  A necrophage (D:6)
  2 ogres
  A phantom (D:7)
  3 bullfrogs
  2 howler monkeys
  A bullfrog zombie (D:8)
  A centaur zombie (D:8)
  An orc priest (D:7)
  3 jellies
  5 orc wizards
  A centaur skeleton (D:5)
  A gnoll shaman (D:7)
  3 iguanas
  2 hell rats (D:8)
  3 worker ants
  5 gnolls (D:7)
  9 adders
  8 river rats (D:8)
  A shadow imp (D:6)
  A white imp (D:6)
  10 oozes
  5 worms
  4 leopard geckos
  27 orcs
  6 bats
  7 giant cockroaches
  5 goblins
  9 hobgoblins
  16 jackals
  19 kobolds
  9 quokkas
  A ball python (D:1)
  8 frilled lizards
  A leopard gecko skeleton (D:7)
  A quokka skeleton (D:5)
  A quokka zombie (D:6)
  18 rats
207 creatures vanquished.

Vanquished Creatures (collateral kills)
  An ogre (D:6)
  A river rat (D:8)
  A rat (D:8)
3 creatures vanquished.

Vanquished Creatures (others)
  A hexer (D:8)
  8 fungi (D:3)
  6 toadstools (D:3)
  2 withered plants (D:9)
17 creatures vanquished.

Grand Total: 227 creatures vanquished

Notes
Turn   | Place    | Note
-------+----------+-------------------------------------------
     0 | D:1      | kae the Tengu Transmuter began the quest for the Orb.
     0 | D:1      | Reached XP level 1. HP: 12/12 MP: 4/4
   246 | D:1      | Reached XP level 2. HP: 15/16 MP: 4/6
   686 | D:1      | Reached XP level 3. HP: 5/20 MP: 7/7
   691 | D:1      | Learned a level 3 spell: Spider Form
  1680 | D:2      | Reached XP level 4. HP: 25/25 MP: 6/8
  2539 | D:2      | Reached skill level 1 in Poison Magic
  3303 | D:3      | Gained mutation: You can fly continuously. [Tengu growth]
  3303 | D:3      | Reached XP level 5. HP: 29/29 MP: 7/9
  4658 | D:3      | Reached XP level 6. HP: 30/34 MP: 5/10
  5410 | D:4      | Found a sparkling altar of Nemelex Xobeh.
  5727 | D:5      | Entered Level 5 of the Dungeon
  5782 | D:5      | Reached skill level 5 in Unarmed Combat
  5796 | D:5      | Noticed a sky beast
  5804 | D:5      | Killed a sky beast
  5804 | D:5      | Reached skill level 5 in Transmutations
  5804 | D:5      | Reached XP level 7. HP: 38/38 MP: 7/11
  5981 | D:5      | Found a snail-covered altar of Cheibriados.
  6078 | D:5      | Found a burning altar of Makhleb.
  6105 | D:5      | Noticed an angel
  6106 | D:5      | Found a shimmering altar of Xom.
  6107 | D:5      | Found a glowing silver altar of Zin.
  6230 | D:5      | Found a shadowy altar of Dithmenos.
  6595 | D:5      | Got a thick robe
  6606 | D:5      | Identified the +0 robe of Xeonu {*Corrode +Blink rN++
                  | Regen+} (You found it on level 5 of the Dungeon)
  6743 | D:6      | Found a staircase to the Ecumenical Temple.
  6752 | Temple   | Entered the Ecumenical Temple
  6957 | Temple   | Became a worshipper of Hepliaklqana the Forgotten
  7160 | D:6      | Reached XP level 8. HP: 38/38 MP: 4/12
  7291 | D:6      | Found an ancient bone altar of Kikubaaqudgha.
  7406 | D:6      | Reached * piety under Hepliaklqana
  8583 | D:7      | Noticed Menkaure
  8860 | D:8      | Noticed a two-headed ogre
  9057 | D:8      | Learned a level 5 spell: Blade Hands
  9129 | D:8      | Found Jiywacuy's General Store.
  9160 | D:8      | Reached XP level 9. HP: 42/42 MP: 9/13
  9419 | D:8      | Reached ** piety under Hepliaklqana
  9423 | D:8      | Remembered your ancestor Gaius as a hexer
  9512 | D:8      | Found a white marble altar of Elyvilon.
 10095 | D:9      | Found Meitson's Gadget Emporium.
 10185 | D:9      | Found a bloodstained altar of Trog.
 10204 | D:9      | Noticed a hellwing
 10228 | D:9      | Slain by a hellwing

Illustrated notes

Levels and vault maps discovered:
D:1:      psy_arrival_whirlpool, layout_loops_cross, st_stairs_10
D:2:      layout_basic
D:3:      cheibrodos_fertilizer, layout_loops_ring
D:4:      layout_basic, lemuel_crystal_altar
D:5:      layout_gridville, grunt_temple_overflow_order_and_chaos_1,
          nicolae_dithmenos_shadow_blocks, nicolae_overflow_hidden_temple,
          kennysheep_mini
D:6:      layout_cave_pods, kiku_gazebo_pond_becter, temple_statues
D:7:      layout_gridville, uniq_menkaure
D:8:      lemuel_ratsnest, layout_basic, kennysheep_mini_moat, serial_shops,
          nicolae_shop_window_shopping
D:9:      cheibrodos_grave_circle, layout_gridville,
          nicolae_overflow_crystal_walls, ebering_ghost_inner_flame,
          serial_shops, nicolae_shop_waterfront,
          chequers_guarded_unrand_ignorance
Temple:   dshaligram_water_room_temple

Skill      XL: |  1  2  3  4  5  6  7  8  9 |
---------------+----------------------------+-----
Transmutations | 2 3 5 6 7 8 |  8.4
Unarmed Combat | 4 5 6 7 8 |  8.2
Poison Magic   | 1 2 |  2.0
Fighting       | |  1.0
Dodging        | |  2.1
Spellcasting   | |  2.0

Action                   |  1- 3 |  4- 6 |  7- 9 || total
-------------------------+-------+-------+-------++-------
Melee: Unarmed           |    88 |   201 |   357 ||   646
       Peck              |     8 |    24 |    29 ||    61
       Kick              |    20 |    36 |    47 ||   103
       Headbutt          |     9 |    23 |    14 ||    46
       Punch             |     1 |     5 |     6 ||    12
 Cast: Beastly Appendage |    18 |    38 |    13 ||    69
       Spider Form       |       |     5 |    22 ||    27
Invok: Recall Ancestor   |       |       |     2 ||     2
       Ancestor Life: He |       |       |     1 ||     1
 Abil: Fly               |       |     1 |       ||     1
Evoke: Wand              |       |       |     1 ||     1
  Use: Scroll            |     3 |     4 |    12 ||    19
       Potion            |       |       |     1 ||     1
 Stab: Sleeping          |     1 |     1 |       ||     2
Armor: Robe              |    14 |    41 |    24 ||    79
       Skin              |       |       |     3 ||     3
Dodge: Dodged            |    55 |   127 |   252 ||   434

Table legend: (Time is in decaauts)
 A = Elapsed time spent in this place.
 B = Non-inter-level travel time spent in this place.
 C = Inter-level travel time spent in this place.
 D = Time resting spent in this place.
 E = Time spent auto-exploring this place.
 F = Levels seen in this place.
 G = Mean time per level.
                   A        B        C        D        E       F      G
               +--------+--------+--------+--------+--------+-----+--------+
         Total |   9756 |   9429 |    327 |    796 |   7030 |  10 |  975.6 |
       Dungeon |   9559 |   9282 |    277 |    730 |   6959 |   9 | 1062.1 |
        Temple |    196 |    147 |     49 |     66 |     70 |   1 |  196.0 |
               +--------+--------+--------+--------+--------+-----+--------+

Top non-repeatable levels by time:
     D:2: 1800 daAuts
     D:1: 1601 daAuts
     D:3: 1481 daAuts
     D:8: 1147 daAuts
     D:7: 1116 daAuts
     D:5: 866 daAuts
     D:6: 717 daAuts
     D:4: 699 daAuts
  Temple: 196 daAuts
     D:9: 129 daAuts
